 Dungeon Crawl Stone Soup version 0.22.0-38-g04b72b8c25 (webtiles) character file.

3216 hunter1536 the Fighter (level 9, -1/64 HPs)
             Began as a Gargoyle Fighter on Aug 30, 2018.
             Was a Priest of Okawaru.
             Engulfed by a steam dragon's steam (4 damage)
             ... on level 8 of the Dungeon.
             The game lasted 00:36:05 (8254 turns).

hunter1536 the Fighter (Gargoyle Fighter)           Turns: 8254, Time: 00:36:06

Health: -1/64      AC: 25    Str: 23    XL:     9   Next: 97%
Magic:  3/9        EV:  7    Int:  9    God:    Okawaru [***...]
Gold:   333        SH: 11    Dex:  9    Spells: 8/8 levels left

rFire    . . .     SeeInvis .   a - +0 flail
rCold    . . .     Gourm    .   c - +0 shield
rNeg     + . .     Faith    .   E - +0 plate armour
rPois    ∞         Spirit   .   A - +0 helmet
rElec    +         Reflect  .   s - +0 cloak
rCorr    .         Harm     .   v - +0 pair of gloves
MR       .....                  w - +0 pair of boots
Stlth    ..........             (no amulet)
HPRegen  0.20/turn              (no ring)
MPRegen  0.11/turn              (no ring)

@: heroism
A: negative energy resistance 1, electricity resistance, unbreathing,
petrification resistance, rot immunity, AC +6
a: Heroism, Renounce Religion


You were on level 8 of the Dungeon.
You worshipped Okawaru.
Okawaru was most pleased with you.
You were hungry.

You visited 2 branches of the dungeon, and saw 9 of its levels.

You collected 333 gold pieces.

Inventory:

Hand Weapons
 a - a +0 flail (weapon)
Missiles
 j - 79 stones (quivered)
 k - 8 curare-tipped needles
Armour
 c - a +0 shield (worn)
 s - a +0 cloak (worn)
 v - a +0 pair of gloves (worn)
 w - a +0 pair of boots (worn)
 A - a +0 helmet (worn)
 E - a +0 plate armour (worn)
Wands
 n - a wand of digging (3)
 F - a wand of paralysis (17)
 I - a wand of clouds (3)
 J - a wand of disintegration (22)
Scrolls
 b - a scroll of summoning {unknown}
 e - 4 scrolls of teleportation {unknown}
 h - 6 scrolls of remove curse {unknown}
 i - 9 scrolls of identify {unknown}
 o - 6 scrolls of enchant armour {unknown}
 y - 2 scrolls of amnesia {unknown}
 C - a scroll of enchant weapon {unknown}
 D - a scroll of blinking {unknown}
 G - a scroll of noise {unknown}
 H - a scroll of vulnerability {unknown}
Potions
 d - 2 potions of might
 g - a potion of invisibility
 l - a potion of berserk rage {unknown}
 m - 2 potions of lignification {unknown}
 p - a potion of resistance {unknown}
 q - a potion of cancellation {unknown}
 r - 2 potions of degeneration {unknown}
 t - 2 potions of agility {unknown}
 u - 2 potions of curing
 x - 2 potions of mutation {unknown}
 z - 2 potions of brilliance {unknown}
 B - a potion of heal wounds {unknown}
Comestibles
 f - 12 rations


   Skills:
 + Level 11.0(16.0) Fighting
 + Level 9.9(14.9) Maces & Flails
 - Level 3.2(8.2) Armour
 - Level 3.2(8.2) Shields


You had 8 spell levels left.
You didn't know any spells.
Your spell library contained the following spells:

 Spells                   Type           Power        Failure   Level  Hunger
 Corona                   Hex            #......      100%        1    ##.....
 Ensorcelled Hibernation  Hex/Ice        #.....       100%        2    ###....
 Confuse                  Hex            #.......     100%        3    ####...
 Dazzling Spray           Conj/Hex       #.....       100%        3    ####...
 Tukima's Dance           Hex            #.......     100%        3    ####...


Dungeon Overview and Level Annotations

Branches:
Dungeon (8/15)             Temple (1/1) D:4
   Lair: D:8-11

Altars:
Ashenzari
Cheibriados
Dithmenos
Elyvilon
Fedhas
Gozag
Hepliaklqana
Kikubaaqudgha
Makhleb
Nemelex Xobeh
Okawaru
Qazlal
Ru
Sif Muna
Trog
Uskayaw
Vehumet
Wu Jian
Xom
Yredelemnul
Zin
The Shining One

Annotations:
D:8 2 transporters


Innate Abilities, Weirdness & Mutations

You are resistant to torment.
Your stone body is resilient. (AC +6)
You are immune to poison.
You resist negative energy. (rN+)
You are resistant to electric shocks. (rElec)
You can survive without breathing.
You are immune to petrification.
You are immune to rotting.


Message History

The centaur shoots an arrow.
You block the arrow. The steam dragon closely misses you. x2
You feel more confident with your borrowed prowess.
The centaur shoots an arrow.
The arrow hits you.
* * * LOW HITPOINT WARNING * * *
You block the steam dragon's attack.
The steam dragon claws you but does no damage.
The centaur shoots an arrow.
The arrow hits you but does no damage. The steam dragon breathes steam at you.
The ball of steam hits you!
* * * LOW HITPOINT WARNING * * *
You are engulfed in a cloud of scalding steam.
The centaur shoots an arrow.
You block the arrow.
You see here an arrow.
You are too injured to fight recklessly!
You are too injured to fight recklessly!
Okay, then.
You feel more confident with your borrowed prowess.
You are engulfed in a cloud of scalding steam.
You die...

#.# #.#######.# #†#
#....©....# #†#
####...#### #.#
#..## #.# #.##
#.######## ##.#
#......§§#######..#
######.§§§.......##
###.§@§.#######
#.'..D(.# #.#.....#
# #...$.# #......#
#.....c# #......#
######<# .#


You could see a steam dragon and a centaur.

Vanquished Creatures
  The ghost of tidbits the Sneak, a novice GnEn (D:5)
  Grinder (D:5)
  A spriggan (D:7)
  Duvessa (D:7)
  3 orc warriors
  2 ice beasts
  A sky beast (D:8)
  A phantom (D:7)
  4 centaurs
  An ogre (D:5)
  Dowan (D:7)
  3 scorpions
  3 wights (D:7)
  A howler monkey (D:5)
  2 crimson imps
  3 hounds
  5 orc priests
  A bullfrog skeleton (D:8)
  Jessica (D:3)
  An iguana (D:4)
  Ijyb (D:3)
  3 worker ants
  6 orc wizards
  A killer bee zombie (D:5)
  2 hound skeletons
  4 gnolls (D:3)
  11 adders
  An ooze (D:2)
  An adder zombie (D:5)
  5 worms
  2 dart slugs
  2 leopard geckos (D:5)
  14 orcs
  9 bats
  5 giant cockroaches
  6 goblins
  7 hobgoblins
  12 jackals
  8 kobolds
  4 quokkas
  5 frilled lizards
  A giant cockroach zombie (D:5)
  10 rats
157 creatures vanquished.

Notes
Turn   | Place    | Note
-------+----------+-------------------------------------------
     0 | D:1      | hunter1536 the Gargoyle Fighter began the quest for the Orb.
     0 | D:1      | Reached XP level 1. HP: 14/14 MP: 1/1
    79 | D:1      | Reached XP level 2. HP: 15/19 MP: 2/2
   610 | D:1      | Reached XP level 3. HP: 22/24 MP: 3/3
   669 | D:1      | Reached skill level 4 in Fighting
  1241 | D:2      | Found a sacrificial altar of Ru.
  1351 | D:2      | Found a glowing golden altar of the Shining One.
  1353 | D:2      | Found a stormy altar of Qazlal.
  1353 | D:2      | Found a hide-covered altar of Uskayaw.
  1354 | D:2      | Found a sparkling altar of Nemelex Xobeh.
  1507 | D:2      | Found a white marble altar of Elyvilon.
  1586 | D:2      | Reached XP level 4. HP: 18/30 MP: 4/4
  1740 | D:2      | Found an ancient bone altar of Kikubaaqudgha.
  2272 | D:3      | Found a deep blue altar of Sif Muna.
  2322 | D:3      | Noticed Jessica
  2339 | D:3      | Killed Jessica
  2339 | D:3      | Reached XP level 5. HP: 28/34 MP: 5/5
  2422 | D:3      | Noticed Ijyb
  2432 | D:3      | Killed Ijyb
  2432 | D:3      | Reached skill level 5 in Fighting
  2482 | D:3      | Noticed a centaur
  2504 | D:3      | Killed a centaur
  2504 | D:3      | Reached XP level 6. HP: 26/40 MP: 6/6
  3237 | D:4      | Reached skill level 6 in Fighting
  3265 | D:4      | Found a staircase to the Ecumenical Temple.
  3362 | D:4      | Reached skill level 5 in Maces & Flails
  3433 | Temple   | Entered the Ecumenical Temple
  3447 | Temple   | Became a worshipper of Warmaster Okawaru
  4031 | D:4      | Reached XP level 7. HP: 47/47 MP: 7/7
  4360 | D:5      | Entered Level 5 of the Dungeon
  4436 | D:5      | Noticed Grinder
  4437 | D:5      | Paralysed by Grinder for 5 turns
  4455 | D:5      | Paralysed by Grinder for 7 turns
  4464 | D:5      | Paralysed by Grinder for 6 turns
  4473 | D:5      | Killed Grinder
  4473 | D:5      | Reached skill level 7 in Fighting
  4833 | D:5      | Reached * piety under Okawaru
  4833 | D:5      | Reached XP level 8. HP: 35/53 MP: 8/8
  5067 | D:5      | Found a runed door.
  5071 | D:5      | Noticed tidbits's ghost (novice GnEn)
  5117 | D:5      | Reached skill level 8 in Fighting
  5442 | D:5      | Killed tidbits's ghost
  5442 | D:5      | Reached ** piety under Okawaru
  5442 | D:5      | Reached skill level 9 in Fighting
  5906 | D:6      | Found a shattered altar of Ashenzari.
  6130 | D:6      | Found a shadowy altar of Dithmenos.
  6231 | D:7      | Reached XP level 9. HP: 42/60 MP: 9/9
  6547 | D:7      | Reached skill level 10 in Fighting
  6730 | D:7      | Noticed Duvessa
  6730 | D:7      | Noticed Dowan
  6733 | D:7      | Reached *** piety under Okawaru
  6749 | D:7      | Killed Duvessa
  6770 | D:7      | Killed Dowan
  8028 | D:8      | Found a transporter.
  8156 | D:8      | Reached skill level 11 in Fighting
  8213 | D:8      | Found a transporter.
  8252 | D:8      | HP: 3/64 [steam dragon/ball of steam (12)]
  8254 | D:8      | Engulfed by a steam dragon's steam

Skill      XL: |  1  2  3  4  5  6  7  8  9 |
---------------+----------------------------+-----
Fighting       | 4 5 6 7 9 11 | 11.0
Maces & Flails | 3 4 5 6 8 9 |  9.9
Armour         | |  3.2
Shields        | |  3.2

Action                   |  1- 3 |  4- 6 |  7- 9 || total
-------------------------+-------+-------+-------++-------
Melee: Flail             |   169 |   201 |   430 ||   800
Invok: Heroism           |       |       |     3 ||     3
  Eat: Ration            |     1 |       |     4 ||     5
       Chunk             |       |     7 |       ||     7
Armor: Scale mail        |   134 |   160 |    83 ||   377
       Plate armour      |       |       |   257 ||   257
Dodge: Dodged            |    88 |    89 |    83 ||   260
Block: Shield            |   149 |   126 |   201 ||   476
